 Dungeon Crawl Stone Soup version 0.30-a0-341-g682706514a (webtiles) character file.

Game seed: 9879429383194300398

12829 Lbdfs the Covert (level 11, -10/54 HPs)
             Began as a Spriggan Enchanter on Nov 2, 2022.
             Was a Priest of Dithmenos.
             Killed from afar by a hell knight (25 damage)
             ... with a bolt of fire
             ... on level 11 of the Dungeon.
             The game lasted 00:36:32 (10362 turns).

Lbdfs the Covert (Spriggan Enchanter)              Turns: 10362, Time: 00:36:32

Health: -10/54     AC: 12    Str:  6    XL:     11   Next: 67%
Magic:  8/27       EV: 26    Int: 17    God:    Dithmenos [***...]
Gold:   829        SH:  0    Dex: 18    Spells: 14/32 levels left

rFire   . . .      SeeInvis +    k - +4 dagger (venom)
rCold   . . .      Faith    .    (no shield)
rNeg    . . .      Spirit   .    g - +3 steam dragon scales
rPois   +          Reflect  .    (helmet restricted)
rElec   .          Harm     .    (no cloak)
rCorr   .          Rampage  .    (gloves unavailable)
Will    +....                    (boots unavailable)
Stlth   ++++++++..               (no amulet)
HPRegen 0.29/turn                e - +4 ring of evasion
MPRegen 0.20/turn                E - +4 ring of protection

@: flying, wreathed by umbra, very quick
A: very small, no large weapons, unfitting armour, see invisible, speed 3,
poison resistance
a: Renounce Religion, Shadow Step


You were on level 11 of the Dungeon.
You worshipped Dithmenos.
Dithmenos was most pleased with you.
You visited 2 branches of the dungeon, and saw 12 of its levels.
You also visited: Bailey.

You collected 1212 gold pieces.
You spent 383 gold pieces at shops.

Inventory:

Hand Weapons
 a - a +2 dagger
 k - a +4 dagger of venom (weapon)
 q - the +2 hand axe "Cibyer" {protect, Fragile rF+++ rCorr}
   (You found it on level 4 of the Dungeon)

   It grants its wielder temporary protection when it strikes (+7 to AC).
   rF:        It renders you almost immune to fire.
   rCorr:     It protects you from acid and corrosion.
   Fragile:   It will be destroyed if unequipped.
Missiles
 i - 9 poisoned darts (quivered)
 l - a throwing net
Armour
 g - +3 steam dragon scales (worn)
 y - a +2 robe of fire resistance
 I - a +1 robe of cold resistance
Jewellery
 b - a ring of ice
 e - a +4 ring of evasion (left hand)
 w - a +4 ring of evasion
 E - a +4 ring of protection (right hand)
 G - a ring of positive energy
 H - a ring of ice
Wands
 d - a wand of iceblast (5)
 n - a wand of paralysis (33)
 u - a wand of polymorph (14)
 C - a wand of light (9)
 D - a wand of flame (5)
Scrolls
 j - 9 scrolls of teleportation
 s - 2 scrolls of magic mapping
 v - a scroll of vulnerability
 z - 5 scrolls of blinking
 A - a scroll of immolation
 B - 3 scrolls of fear
 F - a scroll of identify
Potions
 c - a potion of invisibility
 f - 2 potions of resistance
 h - 2 potions of curing
 m - a potion of berserk rage
 o - 2 potions of magic
 p - a potion of lignification
 r - 2 potions of might
 t - 3 potions of ambrosia
 x - 2 potions of heal wounds
 J - a potion of brilliance
 K - 2 potions of flight


   Skills:
 + Level 4.7 Fighting
 + Level 6.4 Short Blades
 + Level 8.1 Dodging
 + Level 13.8 Stealth
 + Level 11.4 Spellcasting
 + Level 11.5 Hexes
 - Level 3.0 Necromancy


You had 14 spell levels left.
You knew the following spells:

 Your Spells              Type           Power      Damage    Failure   Level
a - Ensorcelled Hibernat  Hex/Ice        58%        N/A       1%          2
b - Tukima's Dance        Hex            49%        N/A       1%          3
c - Dazzling Flash        Conj/Hex       58%        N/A       1%          3
d - Confusing Touch       Hex            49%        N/A       1%          3
e - Summon Guardian Gole  Hex/Summ       29%        N/A       1%          3
f - Anguish               Hex/Necr       17%        N/A       3%          4

Your spell library contained the following spells:

 Spells                   Type           Power      Damage    Failure   Level
 Sublimation of Blood     Necr           19%        N/A       3%          2
 Kiss of Death            Conj/Necr      56%        2d9       4%          1
 Summon Small Mammal      Summ           36%        N/A       8%          1
 Passwall                 Tmut/Erth      7%         N/A       11%         2
 Wereblood                Tmut           9%         N/A       11%         2
 Call Canine Familiar     Summ           9%         N/A       22%         3
 Ignite Poison            Fire/Tmut/Pois 9%         N/A       22%         3
 Spider Form              Tmut/Pois      9%         N/A       22%         3
 Swiftness                Air            9%         N/A       22%         3
 Vhi's Electric Charge    Tloc/Air       18%        N/A       22%         3
 Dispel Undead            Necr           19%        3d11      22%         4
 Olgreb's Toxic Radiance  Pois           9%         N/A       58%         4
 Sticky Flame             Conj/Fire      9%         2d3       58%         4
 Arcjolt                  Conj/Air       4%         1d14      90%         5
 Iskenderun's Battlesphe  Conj           9%         2d6       90%         5
 Iron Shot                Conj/Erth      4%         9d2       100%        6
 Ozocubu's Refrigeration  Ice            4%         4d8       100%        7
 Spellforged Servitor     Conj/Summ      4%         N/A       100%        7
 Summon Hydra             Summ           4%         N/A       100%        7
 Ignition                 Fire           4%         3d4       100%        8
 Maxwell's Capacitive Co  Air            4%         ∞         100%        8


Dungeon Overview and Level Annotations

Branches:
Dungeon (11/15)            Temple (1/1) D:6          Bailey (visited)
   Lair: D:8-11         Orc: D:9-12

Altars:
Ashenzari
Cheibriados
Dithmenos
Gozag
Hepliaklqana
Kikubaaqudgha
Makhleb
Qazlal
Sif Muna
Trog
Uskayaw
Vehumet
Xom
Yredelemnul
Zin

Shops:
D:7 ?((!   D:10 [

Annotations:
D:5 3 runed translucent doors, mojasp's ghost, amateur DjAE


Innate Abilities, Weirdness & Mutations

You are very small and have problems with some larger weapons.
You are too small for most types of armour.
You have supernaturally acute eyesight. (SInv)
You cover ground extremely quickly. (Speed+++)
Your system is resistant to poisons. (rPois)


Message History

The hell knight prays to its god.
The hell knight seems to speed up.
Unknown command.
Casting: Tukima's Dance (safe; 1% risk of failure)
Confirm with . or Enter, or press ? or * to list all spells.
Aiming: Tukima's Dance (safe; 1% risk of failure)
Press: ? - help, Shift-Dir - straight line, f/p - hell knight
Aim: a hell knight, wielding a +5 vorpal demon whip and wearing a +0 chain mail (umbra, chance to affect: 53%)
The +5 vorpal demon whip dances into the air!
Unknown command.
Casting: Tukima's Dance (safe; 1% risk of failure)
Confirm with . or Enter, or press ? or * to list all spells.
Aiming: Tukima's Dance (safe; 1% risk of failure)
Press: ? - help, Shift-Dir - straight line, f - hell knight, p - hell knight
Aim: a hell knight, wielding a +2 long sword of flaming and wearing a +0 chain mail (fast, umbra, chance to affect: 53%)
The hell knight resists with significant effort.
Unknown command.
Casting: Tukima's Dance (safe; 1% risk of failure)
Confirm with . or Enter, or press ? or * to list all spells.
Aiming: Tukima's Dance (safe; 1% risk of failure)
Press: ? - help, Shift-Dir - straight line, f/p - hell knight
Aim: a hell knight, wielding a +2 long sword of flaming and wearing a +0 chain mail (fast, umbra, chance to affect: 53%)
The +2 long sword of flaming dances into the air!
The hell knight invokes the aid of its god against you.
The bolt of fire misses you. The hell hound breathes flames at you.
The blast of flame hits your +5 vorpal demon whip.
Your +5 vorpal demon whip resists.
The blast of flame hits you!
* * * LOW HITPOINT WARNING * * *
Unknown command.
Your +5 vorpal demon whip hits the hell knight!
The hell hound bites your +5 vorpal demon whip.
Your +2 long sword of flaming closely misses the hell hound.
The hell hound bites your +5 vorpal demon whip.
Your +5 vorpal demon whip falls from the air.
You hear a sizzling splash.
The hell knight mumbles some strange prayers to its god against you.
The bolt of fire hits you!!
You die...

##~~~†≈................Y.........
..........................)......
....................>............
#####.######.######)#############
#..# #..# ###)# ##.######.###...#
#...............#######
#####.#############........
......#.....§§§.@.#........
......#.###§≈≈###†#.#####..
....<.# #(hpp.†.#.#.# ......#
#.#####.#§≈.#####.. ......# #
.#†≈........ ......# #.≈........
###.#.# #.≈..#####. #.#.# #.≈.##
#†#(# #.#.#


You could see a hell knight (fast, ally target), a hell hound and a friendly +2
long sword of flaming.

Vanquished Creatures
  Fannar (D:10)
  A boulder beetle (D:11)
  2 two-headed ogres
  Pikel (D:6)
  A manticore (D:10)
  An unseen horror (D:11)
  A kobold demonologist (D:10)
  3 spriggans (Bailey)
  A wraith (D:9)
  9 yaks (D:10)
  2 wyverns
  A dancing weapon (Bailey)
  5 vampire mosquitoes (D:11)
  3 steam dragons
  Menkaure (D:4)
  An acid dragon (D:11)
  4 hell hounds (D:11)
  2 water moccasins
  2 black bears
  6 ice beasts (D:11)
  3 orc warriors
  A sky beast (D:7)
  5 ogres
  3 centaurs
  A phantom (D:6)
  A gnoll sergeant (D:5)
  Blork the orc (D:6)
  3 bullfrogs
  2 necrophages
  3 scorpions
  A wight (D:5)
  13 killer bees
  3 howler monkeys
  2 electric eels (D:11)
  A lava snake (D:7)
  4 orc priests
  A hound (D:5)
  A jelly (D:7)
  3 iron imps (D:9)
  3 iguanas
  10 orc wizards
  5 gnolls
  7 adders
  2 shadow imps (D:7)
  3 white imps
  2 ufetubi
  4 dart slugs
  15 orcs
  2 bats (D:3)
  7 endoplasms
  3 giant cockroaches
  7 goblins
  2 hobgoblins
  6 jackals
  2 quokkas
  7 ball pythons
  2 frilled lizards (D:1)
  7 kobolds
  4 rats
200 creatures vanquished.

Vanquished Creatures (collateral kills)
  A two-headed ogre (Bailey)
  A spriggan (Bailey)
  An orc warrior (D:6)
  An ogre (D:5)
  A centaur (D:10)
  2 wights (D:5)
  6 gnolls (D:5)
  5 orcs
  3 goblins (D:9)
21 creatures vanquished.

Vanquished Creatures (others)
  13 dancing weapons
  10 plants (D:1)
23 creatures vanquished.

Grand Total: 244 creatures vanquished

Notes
Turn   | Place    | Note
-------+----------+-------------------------------------------
     0 | D:1      | Lbdfs the Spriggan Enchanter began the quest for the Orb.
     0 | D:1      | Reached XP level 1. HP: 9/9 MP: 5/5
   223 | D:1      | Reached XP level 2. HP: 12/13 MP: 7/7
   226 | D:1      | Learned a level 2 spell: Ensorcelled Hibernation
   616 | D:1      | Reached XP level 3. HP: 16/16 MP: 6/9
   620 | D:1      | Learned a level 3 spell: Tukima's Dance
   624 | D:1      | Learned a level 3 spell: Confusing Touch
  1018 | D:2      | Found a faded altar of an unknown god.
  1288 | D:2      | Noticed an ogre
  1296 | D:2      | Killed an ogre
  1297 | D:2      | Reached skill level 5 in Spellcasting
  1297 | D:2      | Reached skill level 5 in Hexes
  1297 | D:2      | Reached XP level 4. HP: 21/21 MP: 3/12
  1297 | D:2      | Reached XP level 5. HP: 24/24 MP: 3/13
  1699 | D:3      | Learned a level 3 spell: Dazzling Flash
  1703 | D:3      | Learned a level 3 spell: Summon Guardian Golem
  1932 | D:3      | Reached skill level 5 in Stealth
  1967 | D:3      | Found an opulent altar of Gozag.
  2432 | D:4      | Identified the +2 hand axe "Cibyer" {protect, Fragile rF+++
                  | rCorr}
  2547 | D:4      | Reached XP level 6. HP: 28/28 MP: 15/15
  2549 | D:4      | You fall into a shaft and drop 1 floor!
  2549 | D:5      | Entered Level 5 of the Dungeon
  2611 | D:4      | Found a hide-covered altar of Uskayaw.
  2695 | D:4      | Noticed Menkaure
  2829 | D:4      | Killed Menkaure
  2830 | D:4      | Reached skill level 6 in Stealth
  2988 | D:4      | Reached XP level 7. HP: 29/32 MP: 15/17
  3354 | D:5      | Reached skill level 7 in Stealth
  3545 | D:5      | Identified the +0 plate armour "Xiegh" {rElec Int+3}
  3641 | D:5      | Reached skill level 8 in Stealth
  3691 | D:5      | Reached XP level 8. HP: 27/36 MP: 1/20
  4080 | D:5      | Noticed mojasp's ghost (amateur DjAE)
  4091 | D:5      | Found a runed translucent gate.
  4091 | D:5      | Found a runed translucent gate.
  4098 | D:5      | Found a runed translucent gate.
  4120 | D:5      | Reached skill level 9 in Stealth
  4725 | D:6      | Found a staircase to the Ecumenical Temple.
  4725 | D:6      | Noticed Pikel
  4730 | D:6      | Killed Pikel
  4731 | D:6      | Reached skill level 10 in Stealth
  4731 | D:6      | Reached XP level 9. HP: 36/39 MP: 16/23
  4736 | Temple   | Entered the Ecumenical Temple
  4783 | Temple   | Became a worshipper of Dithmenos the Shadowed
  5001 | D:6      | Noticed Blork the orc
  5008 | D:6      | Killed Blork the orc
  5127 | D:7      | Found Coergh's Magic Scroll Boutique.
  5133 | D:7      | Reached skill level 1 in Fighting
  5160 | D:7      | Reached skill level 11 in Stealth
  5180 | D:7      | Bought a scroll of enchant weapon for 82 gold pieces
  5180 | D:7      | Bought a scroll of identify for 22 gold pieces
  5180 | D:7      | Bought a scroll of identify for 22 gold pieces
  5180 | D:7      | Bought a scroll of identify for 22 gold pieces
  5180 | D:7      | Bought a scroll of enchant weapon for 82 gold pieces
  5180 | D:7      | Bought a scroll of immolation for 44 gold pieces
  5180 | D:7      | Bought a scroll of fear for 44 gold pieces
  5385 | D:7      | Found Lulu's Distillery.
  5413 | D:7      | Bought a potion of heal wounds for 65 gold pieces
  5475 | D:7      | Found Naeriqewk's Antique Weapon Shoppe.
  5530 | D:7      | Found Eptiwn's Antique Weapon Shoppe.
  5545 | D:7      | Found a radiant altar of Vehumet.
  5682 | D:7      | Gained mutation: Your system is resistant to poisons.
                  | (rPois) [potion of mutation]
  5900 | D:7      | Reached * piety under Dithmenos
  6042 | D:8      | Identified the +2 robe of Unambiguity {Dex+3}
  6158 | D:8      | Reached skill level 10 in Hexes
  6405 | D:8      | Learned a level 4 spell: Anguish
  6465 | D:8      | Found a stormy altar of Qazlal.
  6476 | D:8      | Found a broken altar of Ashenzari.
  6729 | D:9      | Noticed a two-headed ogre
  6763 | D:9      | Found a flagged portal.
  6775 | Bailey   | Entered a bailey
  6983 | Bailey   | Reached skill level 5 in Dodging
  6983 | Bailey   | Reached skill level 1 in Necromancy
  6983 | Bailey   | Reached XP level 10. HP: 47/47 MP: 21/24
  7025 | Bailey   | Reached skill level 10 in Spellcasting
  7067 | Bailey   | Noticed a two-headed ogre
  7161 | Bailey   | Reached skill level 12 in Stealth
  7311 | Bailey   | Killed a two-headed ogre
  7443 | D:9      | Killed a two-headed ogre
  7602 | D:9      | Reached ** piety under Dithmenos
  8122 | D:9      | Found a burning altar of Makhleb.
  8356 | D:10     | Entered Level 10 of the Dungeon
  8599 | D:10     | Reached skill level 5 in Short Blades
  8697 | D:10     | Found Ulitzown's Armour Emporium.
  8816 | D:10     | Found a snail-covered altar of Cheibriados.
  8820 | D:10     | Reached XP level 11. HP: 53/53 MP: 23/26
  8848 | D:10     | Reached skill level 13 in Stealth
  9151 | D:10     | Noticed Fannar
  9178 | D:10     | Killed Fannar
  9234 | D:10     | Found a glowing silver altar of Zin.
  9234 | D:10     | Found a hazy altar of Hepliaklqana.
  9944 | D:11     | Noticed a two-headed ogre
  9949 | D:11     | Killed a two-headed ogre
 10022 | D:11     | Noticed a boulder beetle
 10028 | D:11     | Killed a boulder beetle
 10124 | D:11     | Identified a scroll of acquirement
 10125 | D:11     | Acquired 507 gold pieces
 10243 | D:11     | Reached *** piety under Dithmenos
 10347 | D:11     | Noticed a hell knight
 10352 | D:11     | Noticed a hell knight
 10362 | D:11     | Killed from afar by a hell knight

Illustrated notes

Levels and vault maps discovered:
D:1:      mrwooster_arrival_arrow, layout_basic, serial_bayou,
          serial_bayou_pond_c, serial_bayou_pond_e, serial_bayou_pond_d,
          serial_bayou_shore_a, serial_bayou_lagoon_b, serial_bayou_lagoon_a,
          nicolae_grassy_gnolls
D:2:      layout_rooms, hellmonk_ecumenical_altar_pennies_from_heaven,
          ebering_dispersal_statue_hall
D:3:      layout_basic, mainiacjoe_overflow_surrounded_room
D:4:      layout_rooms, nicolae_uskayaw_dance_hall, uniq_menkaure
D:5:      layout_cave_pools, gammafunk_ghost_split
D:6:      layout_rooms, minmay_temple_entry_fiery, grunt_ministairs_4,
          uniq_blork_the_orc, uniq_pikel
D:7:      layout_basic, nicolae_vehumet_radiance, serial_shops, shop, shop,
          nicolae_shop_overgrown_old_shop, nicolae_shop_stone,
          chequers_serial_rivers_large_b, kennysheep_flooded_box,
          minmay_checkerbox
D:8:      layout_loops_ring, amethyst_overflow_temple_binary
D:9:      layout_big_octagon, demons_altar, enter_bailey_7,
          minmay_misc_feat_pillars, minmay_liquid_box
D:10:     layout_layer_cave, mainiacjoe_overflow_small_starburst,
          mainiacjoe_overflow_catwalk_spiral, serial_shops, shop, uniq_fannar
D:11:     minmay_twisted_water, layout_long_grid, dpeg_lair_monsters,
          serial_park_tiny_1, minmay_rotating_lava
Temple:   dshaligram_water_room_temple

Skill      XL: |  1  2  3  4  5  6  7  8  9 10 11 |
---------------+----------------------------------+-----
Spellcasting   | 3 5 6 7 9 10 11 | 11.4
Hexes          | 4 5 6 7 9 10 11 | 11.5
Stealth        | 5 6 8 10 11 12 13 | 13.8
Dodging        | 5 6 8 |  8.1
Fighting       | 2 3 4 |  4.7
Short Blades   | 3 5 6 |  6.4
Necromancy     | 1 3 |  3.0

Action                   |  1- 3 |  4- 6 |  7- 9 | 10-12 || total
-------------------------+-------+-------+-------+-------++-------
Melee: Dagger            |    84 |    89 |   206 |   260 ||   639
       Unarmed           |       |       |     5 |       ||     5
       Punch             |       |       |     5 |     3 ||     8
Throw: Dart              |       |     1 |       |       ||     1
 Cast: Ensorcelled Hiber |     6 |    17 |    34 |    44 ||   101
       Tukima's Dance    |     1 |     2 |    30 |    30 ||    63
       Confusing Touch   |     1 |     2 |     8 |    16 ||    27
       Dazzling Flash    |       |       |       |     7 ||     7
Evoke: Wand              |       |       |       |     1 ||     1
  Use: Scroll            |     6 |     2 |    15 |     6 ||    29
       Potion            |       |       |     6 |     4 ||    10
 Stab: Sleeping          |     9 |    14 |    38 |    26 ||    87
       Distracted        |     1 |       |     1 |     1 ||     3
       Confused          |       |     3 |     5 |    12 ||    20
       Invisible         |       |       |       |    12 ||    12
Armor: Robe              |     6 |     4 |    10 |       ||    20
       Steam dragon scal |       |       |     4 |    22 ||    26
Dodge: Dodged            |    39 |    85 |   228 |   259 ||   611

Table legend: (Time is in decaauts)
 A = Elapsed time spent in this place.
 B = Non-inter-level travel time spent in this place.
 C = Inter-level travel time spent in this place.
 D = Time resting spent in this place.
 E = Time spent auto-exploring this place.
 F = Levels seen in this place.
 G = Mean time per level.
                   A        B        C        D        E       F      G
               +--------+--------+--------+--------+--------+-----+--------+
         Total |   7772 |   7600 |    172 |    861 |   4905 |  13 |  597.8 |
       Dungeon |   7169 |   7003 |    166 |    543 |   4799 |  11 |  651.7 |
        Temple |     47 |     42 |      5 |      0 |     34 |   1 |   47.0 |
        Bailey |    555 |    555 |      0 |    318 |     72 |   1 |  555.0 |
               +--------+--------+--------+--------+--------+-----+--------+

Top non-repeatable levels by time:
    D:10: 1125 daAuts
     D:5: 810 daAuts
     D:9: 807 daAuts
     D:4: 767 daAuts
     D:1: 712 daAuts
     D:3: 629 daAuts
     D:7: 627 daAuts
  Bailey: 555 daAuts
     D:8: 468 daAuts
     D:2: 461 daAuts
     D:6: 435 daAuts
    D:11: 323 daAuts
  Temple: 47 daAuts
